 Dungeon Crawl Stone Soup version 0.24.0-123-gd5b16e6ec5 (webtiles) character file.

Game seed: 17001033827203713601, levelgen mode: deterministic

1117 Lothan the Chiller (level 8, -10/54 HPs)
             Began as a Demonspawn Ice Elementalist on Feb 10, 2020.
             Was a Believer of Sif Muna.
             Mangled by an orc warrior
             ... wielding a +0 battleaxe
              (23 damage)
             ... on level 5 of the Dungeon on Feb 11, 2020.
             The game lasted 00:58:44 (6138 turns).

Lothan the Chiller (Demonspawn Ice Elementalist)    Turns: 6138, Time: 00:58:45

Health: -10/54     AC:  3    Str:  8    XL:     8   Next: 12%
Magic:  0/16       EV: 13    Int: 20    God:    Sif Muna [**....]
Gold:   451        SH:  0    Dex: 15    Spells: 11/18 levels left

rFire    . . .     SeeInvis .   A - +10 whip "Honagiasch" {drain, rPois Dex+2}
rCold    + . .     Gourm    .   (no shield)
rNeg     . . .     Faith    .   a - +1 robe
rPois    +         Spirit   +   (no helmet)
rElec    .         Reflect  .   (no cloak)
rCorr    .         Harm     .   (no gloves)
MR       +....     Rnd*Rage +   (boots unavailable)
Stlth    +++.......             (no amulet)
HPRegen  0.00/turn              u - ring of stealth
MPRegen  0.15/turn              h - ring of protection from magic

@: very slightly contaminated
A: hooves 3, berserk 1, cold resistance 1, sense surroundings 1, inhibited
regeneration, spiny 1, magic shield
a: Channel Magic, Renounce Religion


You were on level 5 of the Dungeon.
You worshipped Sif Muna.
Sif Muna was pleased with you.
You were not hungry.

You visited 1 branch of the dungeon, and saw 6 of its levels.

You collected 451 gold pieces.

Inventory:

Hand Weapons
 d - a +0 club
 e - a +0 dagger
 o - a +2 dagger of draining
 x - a +1 falchion of holy wrath
 A - the +10 whip "Honagiasch" (weapon) {drain, rPois Dex+2}
   (You found it on level 5 of the Dungeon)

   A truly terrible weapon, it drains the life of those it strikes.
   It affects your dexterity (+2).
   It protects you from poison.
Armour
 a - a +1 robe (worn)
Jewellery
 f - an uncursed ring of protection from cold
 h - a ring of protection from magic (right hand)
 u - a ring of stealth (left hand)
 y - an uncursed ring of protection from magic
Scrolls
 i - 3 scrolls of identify
 j - 2 scrolls of teleportation
 k - a scroll of blinking {unknown}
 n - 2 scrolls of fear
 p - 6 scrolls of remove curse
 v - 2 scrolls of amnesia
Potions
 m - a potion of flight
 s - 2 potions of curing
 w - 2 potions of ambrosia
 z - 2 potions of heal wounds
Comestibles
 c - 7 rations


   Skills:
 + Level 1.6 Fighting
 * Level 1.8 Maces & Flails
 + Level 3.3 Dodging
 - Level 1.7 Stealth
 - Level 0.6 Unarmed Combat
 + Level 5.7 Spellcasting
 - Level 1.0 Conjurations
 + Level 6.0 Ice Magic


You had 11 spell levels left.
You knew the following spells:

 Your Spells              Type           Power        Failure   Level  Hunger
a - Freeze                Ice            ####         1%          1    None
b - Searing Ray           Conj           #.....       11%         2    None
c - Summon Ice Beast      Ice/Summ       ###.....     30%         4    ####...

Your spell library contained the following spells:

 Spells                   Type           Power        Failure   Level  Hunger
 Throw Frost              Conj/Ice       ###...       3%          2    None
 Magic Dart               Conj           #...         7%          1    None
 Ozocubu's Armour         Chrm/Ice       ###.....     10%         3    ##.....
 Beastly Appendage        Tmut           #.....       11%         1    None
 Sticks to Snakes         Tmut           #.......     16%         2    None
 Dazzling Spray           Conj/Hex       #.....       26%         3    ##.....
 Throw Icicle             Conj/Ice       ###.....     26%         4    ####...
 Ice Form                 Ice/Tmut       ###.....     30%         4    ####...
 Spider Form              Tmut/Pois      #.........   32%         3    ##.....
 Iskenderun's Mystic Bla  Conj           #.......     56%         4    ####...
 Force Lance              Conj/Tloc      #.......     65%         4    ####...
 Fulminant Prism          Conj/Hex       #.........   65%         4    ####...
 Blade Hands              Tmut           #.........   96%         5    #####..


Dungeon Overview and Level Annotations

Branches:
Dungeon (6/15)             Temple (0/1) D:6

Altars:
Fedhas
Sif Muna
Vehumet
Zin


Innate Abilities, Weirdness & Mutations

You have hooves in place of feet.
You are partially covered in sharp spines.
When hurt, damage is shared between your health and your magic reserves.
You tend to lose your temper in combat.
Your flesh is cold resistant. (rC+)
You passively map a small area around you.
You do not regenerate when monsters are visible.


Message History

The quasit gives a chilling moan.
A shadow imp comes into view.
The orc warrior is struck by your spines.
The orc warrior hits you with a +0 battleaxe!!
The adder zombie bites you.
The orc priest looks satisfied for a moment.
The adder zombie bites you but does no damage.
The orc warrior closely misses you.
You climb upwards.
There is a stone staircase leading down here.
You closely miss the orc warrior.
The orc warrior is lightly wounded.
You closely miss the orc warrior. You kick the orc warrior.
The orc warrior is lightly wounded.
The orc warrior hits you with a +0 battleaxe!
* * * LOW HITPOINT WARNING * * *
You hit the orc warrior. Your kick misses the orc warrior.
The orc warrior is moderately wounded.
The orc warrior hits you with a +0 battleaxe!!
You die...

#.#.).........#####[###########
#...####.#.....####.#..........
###.# #.>...#......#.########.
#.# ###.....######.......##.
#.# ##.#.#######.#####.##. #.#
#.#.#.......# #.##. #.#
#.#....####.# #.... #.#
#.))[#.####.# #.##.
#.#########)@.......#####.##.
#...........)o#####..........
#############.# #.########. #.#
#.......... #.#########......
#....>......##### #############


You could see an orc warrior.

Vanquished Creatures
  The ghost of Xerdoz the Insei, an amateur OpTm of Sif Muna (D:4)
  Edmund (D:4)
  An ogre (D:4)
  A gnoll sergeant (D:5)
  A howler monkey (D:5)
  A crimson imp (D:5)
  A quasit (D:5)
  A hound (D:4)
  A bullfrog skeleton (D:4)
  A centaur skeleton (D:5)
  3 orc wizards
  5 worker ants
  4 gnolls
  7 adders
  2 oozes
  An adder skeleton (D:5)
  2 worms
  4 dart slugs
  5 leopard geckos
  17 orcs
  3 ball pythons
  9 bats
  7 giant cockroaches
  9 goblins
  12 hobgoblins
  10 jackals
  2 quokkas (D:3)
  4 frilled lizards
  11 kobolds
  7 rats
134 creatures vanquished.

Vanquished Creatures (collateral kills)
  A crimson imp (D:5)
  A gnoll (D:5)
  3 adders (D:4)
  3 orcs (D:5)
8 creatures vanquished.

Vanquished Creatures (others)
  An orc (D:5)
1 creature vanquished.

Grand Total: 143 creatures vanquished

Notes
Turn   | Place    | Note
-------+----------+-------------------------------------------
     0 | D:1      | Lothan the Demonspawn Ice Elementalist began the quest for
                  | the Orb.
     0 | D:1      | Reached XP level 1. HP: 13/13 MP: 3/3
   310 | D:1      | Gained mutation: When hurt, damage is shared between your
                  | health and your magic reserves. [demonic ancestry]
   310 | D:1      | Reached XP level 2. HP: 12/19 MP: 3/5
   529 | D:1      | Reached skill level 3 in Ice Magic
   754 | D:1      | Gained mutation: You have large cloven feet. [demonic
                  | ancestry]
   754 | D:1      | Reached XP level 3. HP: 16/24 MP: 0/6
  1609 | D:2      | Gained mutation: You passively map a small area around you.
                  | [potion of mutation]
  1609 | D:2      | Gained mutation: You do not regenerate when monsters are
                  | visible. [potion of mutation]
  1609 | D:2      | Gained mutation: You tend to lose your temper in combat.
                  | [potion of mutation]
  1609 | D:2      | Gained mutation: Your flesh is cold resistant. (rC+)
                  | [potion of mutation]
  1690 | D:2      | Reached XP level 4. HP: 28/30 MP: 0/8
  2235 | D:2      | Found a glowing silver altar of Zin.
  2271 | D:2      | Found a radiant altar of Vehumet.
  2307 | D:2      | Found a shimmering blue altar of Sif Muna.
  2315 | D:2      | Became a worshipper of Sif Muna the Loreminder
  2469 | D:3      | Gained mutation: You have hoof-like feet. [demonic
                  | ancestry]
  2469 | D:3      | Reached XP level 5. HP: 30/35 MP: 8/10
  2589 | D:3      | Reached skill level 4 in Ice Magic
  3087 | D:3      | Reached * piety under Sif Muna
  3649 | D:4      | Learned a level 2 spell: Searing Ray
  3697 | D:4      | Noticed Edmund
  3737 | D:4      | Killed Edmund
  3737 | D:4      | Gained mutation: You are partially covered in sharp spines.
                  | [demonic ancestry]
  3737 | D:4      | Reached XP level 6. HP: 7/41 MP: 1/12
  4073 | D:4      | Learned a level 4 spell: Summon Ice Beast
  4092 | D:4      | Reached skill level 5 in Ice Magic
  4311 | D:4      | Reached XP level 7. HP: 42/46 MP: 11/14
  4410 | D:4      | Found a runed translucent door.
  4416 | D:4      | Noticed Xerdoz's ghost (amateur OpTm)
  4434 | D:4      | Killed Xerdoz's ghost
  4434 | D:4      | Reached skill level 5 in Spellcasting
  4795 | D:5      | Entered Level 5 of the Dungeon
  4932 | D:5      | Found a blossoming altar of Fedhas.
  5326 | D:5      | Got a bloodstained whip
  5327 | D:5      | Identified the +10 whip "Honagiasch" {drain, rPois Dex+2}
                  | (You found it on level 5 of the Dungeon)
  5360 | D:5      | Reached skill level 1 in Fighting
  5417 | D:5      | Reached ** piety under Sif Muna
  5417 | D:5      | Reached skill level 1 in Maces & Flails
  5591 | D:5      | Reached skill level 6 in Ice Magic
  5591 | D:5      | Gained mutation: You have hooves in place of feet. [demonic
                  | ancestry]
  5591 | D:5      | Reached XP level 8. HP: 11/54 MP: 0/16
  6105 | D:6      | Found a staircase to the Ecumenical Temple.
  6138 | D:5      | Mangled by an orc warrior

Levels and vault maps discovered:
D:1:      dpeg_arrival_chambers_temple_mockup, layout_loops_ring,
          dk_noncrumbling_2, minmay_pentomino_x4
D:2:      layout_rooms, grunt_temple_overflow_open
D:3:      layout_rooms, serial_co_window_serial, co_window_corner_a,
          co_window_paths_b, co_window_paths_a, co_window_paths_b,
          co_window_cross_1, co_window_2corner, co_window_corner_b,
          co_window_unsneaky_path_e, co_window_of_opportunity_b,
          co_window_4corner_a, minmay_misc_feat_x, minmay_unequal
D:4:      layout_loops_ring, ebering_ghost_sewer_d, uniq_edmund
D:5:      layout_loops_ring, kennysheep_mini, first_ration
D:6:      layout_cave_pools, cheibrodos_worm_habitat,
          minmay_temple_entry_junction

Skill      XL: |  1  2  3  4  5  6  7 |
---------------+----------------------+-----
Dodging        | 2 3 |  3.3
Ice Magic      | 3 4 5 6 |  6.0
Spellcasting   | 3 4 5 |  5.7
Fighting       | 1 |  1.6
Maces & Flails | 1 |  1.8
Stealth        | |  1.7
Unarmed Combat | |  0.6
Conjurations   | |  1.0

Action                   |  1- 3 |  4- 6 |  7- 9 || total
-------------------------+-------+-------+-------++-------
Melee: Unarmed           |    13 |       |       ||    13
       Dagger            |    66 |    77 |    10 ||   153
       Kick              |     8 |    15 |     6 ||    29
       Whip              |       |       |    27 ||    27
 Cast: Freeze            |    45 |    80 |    11 ||   136
       Searing Ray       |       |     5 |    13 ||    18
       Summon Ice Beast  |       |     1 |     6 ||     7
  Use: Potion            |     5 |       |       ||     5
       Scroll            |       |     2 |     9 ||    11
 Stab: Sleeping          |     5 |     5 |     2 ||    12
  Eat: Chunk             |     2 |     6 |     3 ||    11
       Ration            |       |     1 |     1 ||     2
Armor: Robe              |    35 |    21 |    11 ||    67
Dodge: Dodged            |    98 |   105 |    41 ||   244
